 Dungeon Crawl Stone Soup version bcrawl-1.32 (webtiles) character file.

Game seed: 15283746215804281614

178478 christianvn the Skirmisher (level 6, -4/40 HPs)
             Began as a Gargoyle Gladiator on Aug 5, 2021.
             Slain by a steam dragon (6 damage)
             ... on level 4 of the Dungeon.
             The game lasted 00:19:37 (3054 turns).

christianvn the Skirmisher (Gargoyle Gladiator)     Turns: 3054, Time: 00:19:37

Health: -4/40      AC: 13    Str: 19    XL:     6   Next: 48%
Magic:  6/6        EV:  7    Int:  9    God:
Gold:   158        SH:  5    Dex: 11    Spells: 5/5 levels left

rFire    . . .     SeeInvis .   a - +1 flail
rCold    . . .     Gourm    .   m - +0 buckler
rNeg     + . .     Faith    .   p - +0 chain mail
rPois    ∞         Spirit   .   c - +0 helmet
rElec    +         Reflect  .   (no cloak)
rCorr    .         Harm     .   (no gloves)
MR       .....                  (no boots)
Stlth    ..........             (no amulet)
HPRegen  0.13/turn              (no ring)
MPRegen  0.10/turn              (no ring)

@: no status effects
A: negative energy resistance 1, electricity resistance, unbreathing,
petrification resistance, rot immunity, AC +4
a: no special abilities


You were on level 4 of the Dungeon.
You were hungry.

You visited 1 branch of the dungeon, and saw 4 of its levels.

You collected 158 gold pieces.

Inventory:

Hand Weapons
 a - a +1 flail (weapon)
 b - a +0 blowgun
Missiles
 d - a throwing net {=f}
 v - 87 poisoned needles
Armour
 c - a +0 helmet (worn)
 m - a +0 buckler (worn)
 p - a +0 chain mail (worn)
 s - a cursed +0 pair of boots
Jewellery
 f - an uncursed ring of protection from cold {unknown}
 t - a +4 ring of protection {unknown}
Scrolls
 g - a scroll of blinking
 h - a scroll of enchant armour {unknown}
 j - a scroll of amnesia {unknown}
 k - 2 scrolls of enchant weapon
 l - 2 scrolls of remove curse {unknown}
 n - 2 scrolls of teleportation {unknown}
 u - a scroll of fear {unknown}
Comestibles
 e - 9 rations {!d}


   Skills:
 + Level 4.8 Fighting
 + Level 4.4 Maces & Flails
 - Level 1.7 Throwing
 - Level 1.1 Armour
 - Level 2.4 Dodging
 * Level 4.3 Shields


You had 5 spell levels left.
You didn't know any spells.
Your spell library contained the following spells:

 Spells                   Type           Power        Failure   Level  Hunger
 Confuse                  Hex            #.......     100%        3    #####..
 Dazzling Orbs            Conj/Hex       #......      100%        3    #####..
 Petrify                  Tmut/Erth      #.........   100%        4    ######.
 Yara's Violent Unravell  Hex/Tmut       #.........   100%        4    ######.
 Metabolic Englaciation   Hex/Ice        #.........   100%        5    #######
 Mana Rupture             Conj/Hex       #.........   100%        7    #######


Dungeon Overview and Level Annotations

Branches:
Dungeon (4/12)
 Temple: D:4-7

Altars:
Lugonu
Wu Jian
Zin


Innate Abilities, Weirdness & Mutations

You are resistant to torment.
Your stone body is resilient. (AC +4)
You are immune to poison.
You resist negative energy. (rN+)
You are resistant to electric shocks. (rElec)
You can survive without breathing.
You are immune to petrification.
You are immune to rotting.


Message History

You closely miss the steam dragon.
The steam dragon is lightly wounded.
The steam dragon bites you.
* * * LOW HITPOINT WARNING * * *
The steam dragon claws you.
* * * LOW HITPOINT WARNING * * *
You hit the steam dragon.
The steam dragon is moderately wounded.
A troll comes into view.
The steam dragon bites you but does no damage.
The steam dragon barely misses you.
You sock the steam dragon!
The steam dragon is heavily wounded.
The steam dragon bites you.
* * * LOW HITPOINT WARNING * * *
The steam dragon claws you but does no damage.
You block the steam dragon's attack.
The steam dragon claws you but does no damage.
The steam dragon bites you.
You die...

#.# #.# #<#
#.# #.# #.#
#.#
#########.#
.....T.@D.#
#..######)#
#)## #..#
##.# #.#
#.. ##.# .#


You could see a troll and a steam dragon.

Vanquished Creatures
  A black bear (D:3)
  3 orc wizards
  A hound skeleton (D:4)
  3 gnolls (D:2)
  2 adders (D:3)
  An ooze (D:3)
  4 worms
  3 dart slugs
  A leopard gecko (D:2)
  10 orcs (D:3)
  3 giant cockroaches
  9 hobgoblins
  2 quokkas
  4 bats
  2 frilled lizards
  6 goblins
  10 kobolds
  6 rats
71 creatures vanquished.

Vanquished Creatures (others)
  An orc (D:4)
1 creature vanquished.

Grand Total: 72 creatures vanquished

Notes
Turn   | Place    | Note
-------+----------+-------------------------------------------
     0 | D:1      | christianvn the Gargoyle Gladiator began the quest for the
                  | Orb.
     0 | D:1      | Reached XP level 1. HP: 14/14 MP: 1/1
    89 | D:1      | Reached XP level 2. HP: 19/19 MP: 2/2
   208 | D:1      | Reached skill level 1 in Armour
   743 | D:2      | Reached skill level 1 in Shields
   743 | D:2      | Reached XP level 3. HP: 24/24 MP: 3/3
   800 | D:2      | Found an ornate altar of the Wu Jian Council.
  1006 | D:2      | Reached XP level 4. HP: 29/29 MP: 4/4
  2082 | D:3      | Reached XP level 5. HP: 33/33 MP: 5/5
  2423 | D:3      | Found a corrupted altar of Lugonu.
  2475 | D:3      | Found a glowing silver altar of Zin.
  2795 | D:4      | Noticed a black bear
  2848 | D:3      | Killed a black bear
  2849 | D:3      | Reached XP level 6. HP: 3/39 MP: 6/6
  3030 | D:4      | Noticed a steam dragon
  3051 | D:4      | Noticed a troll
  3052 | D:4      | HP: 2/40 [steam dragon (5)]
  3054 | D:4      | Slain by a steam dragon

Skill      XL: |  1  2  3  4  5 |
---------------+----------------+-----
Armour         | 1 |  1.1
Shields        | 1 2 4 |  4.3
Fighting       | 4 |  4.8
Maces & Flails | 4 |  4.4
Throwing       | |  1.7
Dodging        | |  2.4

Action                   |  1- 3 |  4- 6 || total
-------------------------+-------+-------++-------
Melee: Flail             |    96 |   189 ||   285
 Fire: Blowgun           |       |    19 ||    19
Throw: Stone             |    33 |    16 ||    49
       Throwing net      |       |     2 ||     2
  Use: Scroll            |       |     4 ||     4
       Potion            |       |     2 ||     2
  Eat: Chunk             |     4 |     9 ||    13
       Ration            |       |     1 ||     1
Armor: Leather armour    |    22 |       ||    22
       Chain mail        |    29 |   132 ||   161
Dodge: Dodged            |    39 |    67 ||   106
Block: Buckler           |    18 |    52 ||    70
